AA
LAWRENCE PATRIOTS @ MIRAMAR MAVERICKS
06/30/2060
 
TOP OF THE 1ST
Lawrence Patriots batting - Pitching for Miramar Mavericks : RHP Orion Henry
Pitching: RHP Orion Henry
Batting: SHB Evan Telano 0-0: Foul Ball, location: 2F
0-1: Fly out, F9 (Line Drive, 9, EV 91.9 MPH)
Batting: LHB Mort Simbolon 0-0: Swinging Strike
0-1: Swinging Strike
0-2: Fly out, F7 (Flyball, 7S, EV 90.6 MPH)
Batting: LHB Christopher Gabbard 0-0: Called Strike
0-1: Foul Ball, location: 2F
0-2: Ball
1-2: Ball
2-2: Ball
3-2: Foul Ball, location: 2F
3-2: Base on Balls
Batting: LHB Trevon Morgan 0-0: Called Strike
0-1: Fielders Choice at 2nd, 6-4 (Groundball, 6, EV 86.9 MPH)
Top of the 1st over - 0 runs, 0 hits, 0 errors, 1 left on base; Lawrence 0 - Miramar 0
BOTTOM OF THE 1ST
Miramar Mavericks batting - Pitching for Lawrence Patriots : RHP Breon Babechi
Pitching: RHP Breon Babechi
Batting: SHB Braden Kelley 0-0: Ball
1-0: Foul Ball, location: 2F
1-1: Ball
2-1: Ball
3-1: Called Strike
3-2: Base on Balls
Batting: SHB Gavin Campbell 0-0: Foul Ball, location: 2F
0-1: Ball
1-1: Ball
2-1: Swinging Strike
2-2: Ball
3-2: Strikes out looking
Batting: RHB Bryson Lappin 0-0: Ball
1-0: Foul Ball, location: 2F
1-1: Called Strike
1-2: Foul Ball, location: 2F
1-2: Grounds into double play, 4-6-3 (Groundball, 4, EV 81.9 MPH)
Bottom of the 1st over - 0 runs, 0 hits, 0 errors, 0 left on base; Lawrence 0 - Miramar 0
TOP OF THE 2ND
Lawrence Patriots batting - Pitching for Miramar Mavericks : RHP Orion Henry
Batting: LHB Phillip Smith 0-0: Foul Ball, location: 2F
0-1: Called Strike
0-2: Ball
1-2: SINGLE (Line Drive, 89M, EV 98.8 MPH)
Batting: RHB Obie Simbolon 0-0: Called Strike
0-1: Ball
1-1: Foul Ball, location: 2F
1-2: 2-RUN HOME RUN (Flyball, 9D, EV 100.0 MPH), Distance : 381 ft
Batting: LHB Johnny Nieves 0-0: Ball
1-0: Ball
2-0: Called Strike
2-1: Swinging Strike
2-2: Strikes out looking
Batting: LHB Jansen Stites 0-0: Ball
1-0: Ball
2-0: Ball
3-0: Called Strike
3-1: Base on Balls
Batting: RHB Lloyd Fair 0-0: Ground out 4-3 (Groundball, 34, EV 91.9 MPH)
Jansen Stites to second
Batting: SHB Evan Telano 0-0: Ball
1-0: Foul Ball, location: 2F
1-1: Foul Ball, location: 2F
1-2: Ground out U3 (Groundball, 3, EV 85.0 MPH)
Top of the 2nd over - 2 runs, 2 hits, 0 errors, 1 left on base; Lawrence 2 - Miramar 0
BOTTOM OF THE 2ND
Miramar Mavericks batting - Pitching for Lawrence Patriots : RHP Breon Babechi
Batting: LHB Tommy Tar 0-0: Swinging Strike
0-1: Foul Ball, location: 2F
0-2: Ball
1-2: Ball
2-2: Ball
3-2: Fly out, F7 (Flyball, 7, EV 91.2 MPH)
Batting: RHB Tate Elliott 0-0: Called Strike
0-1: Ball
1-1: Foul Ball, location: 2F
1-2: Strikes out swinging
Batting: RHB Corey Creager 0-0: Called Strike
0-1: Ball
1-1: Foul Ball, location: 2F
1-2: SINGLE (Line Drive, 3D, EV 100.0 MPH)
Batting: RHB Axel Rasberry 0-0: Fly out, F8 (Line Drive, 8RM, EV 91.2 MPH)
Bottom of the 2nd over - 0 runs, 1 hit, 0 errors, 1 left on base; Lawrence 2 - Miramar 0
TOP OF THE 3RD
Lawrence Patriots batting - Pitching for Miramar Mavericks : RHP Orion Henry
Batting: LHB Mort Simbolon 0-0: Called Strike
0-1: Called Strike
0-2: Strikes out swinging
Batting: LHB Christopher Gabbard 0-0: Ball
1-0: Called Strike
1-1: Foul Ball, location: 2F
1-2: Strikes out swinging, 2-3 out at first.
Batting: LHB Trevon Morgan 0-0: Foul Ball, location: 2F
0-1: Ball
1-1: Ball
2-1: Foul Ball, location: 2F
2-2: Ball
3-2: Ground out 6-3 (Groundball, 56D, EV 82.5 MPH)
Top of the 3rd over - 0 runs, 0 hits, 0 errors, 0 left on base; Lawrence 2 - Miramar 0
BOTTOM OF THE 3RD
Miramar Mavericks batting - Pitching for Lawrence Patriots : RHP Breon Babechi
Batting: RHB Sheridan Anuenue 0-0: Swinging Strike
0-1: Called Strike
0-2: Ball
1-2: Ball
2-2: Ball
3-2: Ground out 3-1 (Groundball, 13, EV 83.1 MPH)
Batting: RHB Jayce Papanicolaou 0-0: Called Strike
0-1: Ball
1-1: Ball
2-1: Foul Ball, location: 2F
2-2: Hit by Pitch
Batting: SHB Braden Kelley 0-0: Called Strike
0-1: Grounds out, U3 (Groundball, 3L, EV 97.5 MPH)
Batting: SHB Gavin Campbell 0-0: Foul Ball, location: 2F
0-1: Swinging Strike
0-2: Ball
1-2: Ball
2-2: Foul Ball, location: 2F
2-2: Strikes out looking
Bottom of the 3rd over - 0 runs, 0 hits, 0 errors, 1 left on base; Lawrence 2 - Miramar 0
TOP OF THE 4TH
Lawrence Patriots batting - Pitching for Miramar Mavericks : RHP Orion Henry
Batting: LHB Phillip Smith 0-0: Ball
1-0: Ground out 3-1 (Groundball, 13, EV 93.1 MPH)
Batting: RHB Obie Simbolon 0-0: Foul Ball, location: 2F
0-1: Ground out 5-3 (Groundball, 56, EV 78.1 MPH)
Batting: LHB Johnny Nieves 0-0: Ball
1-0: Ball
2-0: Foul Ball, location: 2F
2-1: Ball
3-1: Reached on error, E6 (Groundball, 6S, EV 83.8 MPH)
Batting: LHB Jansen Stites 0-0: Ball
1-0: Ball
2-0: Ball
3-0: Called Strike
3-1: Base on Balls
Johnny Nieves to second
Batting: RHB Lloyd Fair 0-0: Ball
1-0: Ball
2-0: Fielders Choice at 2nd, 5-4 (Groundball, 56, EV 103.1 MPH)
Top of the 4th over - 0 runs, 0 hits, 1 error, 2 left on base; Lawrence 2 - Miramar 0
BOTTOM OF THE 4TH
Miramar Mavericks batting - Pitching for Lawrence Patriots : RHP Breon Babechi
Batting: RHB Bryson Lappin 0-0: Ball
1-0: Ground out 4-3 (Groundball, 4, EV 85.6 MPH)
Batting: LHB Tommy Tar 0-0: Foul Ball, location: 2F
0-1: Swinging Strike
0-2: Foul Ball, location: 2F
0-2: Strikes out swinging
Batting: RHB Tate Elliott 0-0: Ball
1-0: Foul Ball, location: 2F
1-1: Ball
2-1: Ball
3-1: Fly out, F9 (Flyball, 9LS, EV 97.5 MPH)
Bottom of the 4th over - 0 runs, 0 hits, 0 errors, 0 left on base; Lawrence 2 - Miramar 0
TOP OF THE 5TH
Lawrence Patriots batting - Pitching for Miramar Mavericks : RHP Orion Henry
Batting: SHB Evan Telano 0-0: Called Strike
0-1: Ball
1-1: Foul Ball, location: 2F
1-2: Ground out 5-3 (Groundball, 5D, EV 81.9 MPH)
Batting: LHB Mort Simbolon 0-0: Ball
1-0: Ball
2-0: Foul Ball, location: 2F
2-1: DOUBLE (Flyball, 8LXD, EV 113.8 MPH)
Batting: LHB Christopher Gabbard 0-0: Ball
1-0: Ball
2-0: Ground out 4-3 (Groundball, 4, EV 91.2 MPH)
Mort Simbolon to third
Batting: LHB Trevon Morgan 0-0: Swinging Strike
0-1: Foul Ball, location: 2F
0-2: Ball
1-2: Ball
2-2: Ball
3-2: SINGLE (Line Drive, 89S, EV 105.6 MPH)
Mort Simbolon scores
Batting: LHB Phillip Smith 0-0: Swinging Strike
0-1: Ball
1-1: Swinging Strike
1-2: Strikes out swinging
Top of the 5th over - 1 run, 2 hits, 0 errors, 1 left on base; Lawrence 3 - Miramar 0
BOTTOM OF THE 5TH
Miramar Mavericks batting - Pitching for Lawrence Patriots : RHP Breon Babechi
Batting: RHB Corey Creager 0-0: Ball
1-0: Swinging Strike
1-1: Ball
2-1: Foul Ball, location: 2F
2-2: Foul Ball, location: 2F
2-2: Foul Ball, location: 2F
2-2: Ball
3-2: Base on Balls
Batting: RHB Axel Rasberry 0-0: Swinging Strike
0-1: Foul Ball, location: 2F
0-2: Ball
1-2: Ball
2-2: Foul Ball, location: 2F
2-2: Ball
3-2: Strikes out swinging
Corey Creager steals 2nd base
Batter strikes out.
Batting: RHB Sheridan Anuenue 0-0: Ball
1-0: Swinging Strike
1-1: Ground out 6-3 (Groundball, 6, EV 85.0 MPH)
Batting: RHB Jayce Papanicolaou 0-0: Swinging Strike
0-1: Ball
1-1: Ball
2-1: Foul Ball, location: 2F
2-2: Foul Ball, location: 2F
2-2: Ball
3-2: Base on Balls
Batting: SHB Braden Kelley 0-0: Called Strike
0-1: Ball
1-1: Foul Ball, location: 2F
1-2: Ball
2-2: Foul Ball, location: 2F
2-2: SINGLE (Line Drive, 7S, EV 103.8 MPH)
Corey Creager to third
Jayce Papanicolaou to second
Runner from 3rd tries for Home, SAFE, throw by LF to home
Jayce Papanicolaou to third
Braden Kelley to second
Batting: SHB Gavin Campbell 0-0: DOUBLE (Line Drive, 78D, EV 112.5 MPH)
Jayce Papanicolaou scores
Braden Kelley scores
Batting: RHB Bryson Lappin 0-0: Ball
1-0: SINGLE (Groundball, 56D, EV 106.2 MPH)
Gavin Campbell to third
Runner from 3rd tries for Home, SAFE, throw by LF to home
Batting: LHB Tommy Tar 0-0: Ball
1-0: Ground out 1-3 (Groundball, 13S, EV 76.9 MPH)
Bottom of the 5th over - 4 runs, 3 hits, 0 errors, 1 left on base; Lawrence 3 - Miramar 4
TOP OF THE 6TH
Lawrence Patriots batting - Pitching for Miramar Mavericks : RHP Orion Henry
Pitching: LHP Jordan Allen
Batting: RHB Obie Simbolon 0-0: Ball
1-0: Ball
2-0: Ball
3-0: Base on Balls
Batting: LHB Johnny Nieves 0-0: Ball
1-0: Ball
2-0: Ball
3-0: Base on Balls
Obie Simbolon to second
Batting: LHB Jansen Stites 0-0: Ball
1-0: Fly out, F4 (Popup, 3D, EV 70.6 MPH)
Batting: RHB Lloyd Fair 0-0: Called Strike
0-1: Ball
1-1: Ground out 5-3 (Groundball, 56S, EV 71.2 MPH)
Obie Simbolon to third
Johnny Nieves to second
Batting: SHB Evan Telano 0-0: Called Strike
0-1: SINGLE (Groundball, 6MD, EV 105.6 MPH)
Obie Simbolon scores
Johnny Nieves to third
Runner from 3rd tries for Home, SAFE, throw by CF to home
Batting: LHB Mort Simbolon 0-0: Ball
1-0: Fly out, F7 (Flyball, 7D, EV 93.1 MPH)
Top of the 6th over - 2 runs, 1 hit, 0 errors, 1 left on base; Lawrence 5 - Miramar 4
BOTTOM OF THE 6TH
Miramar Mavericks batting - Pitching for Lawrence Patriots : RHP Breon Babechi
Batting: RHB Tate Elliott 0-0: Ball
1-0: Ball
2-0: Foul Ball, location: 2F
2-1: SINGLE (Flyball, 6D, EV 81.9 MPH)
Batting: RHB Corey Creager 0-0: Ball
Tate Elliott steals 2nd base
1-0: Ground out 4-3 (Groundball, 4, EV 86.9 MPH)
Tate Elliott to third
Pitching: RHP Travis Yancey
Batting: RHB Axel Rasberry 0-0: Fly out, F4 (Popup, 4D, EV 51.9 MPH)
Pinch Hitting: LHB Darren Hidalgo 0-0: Ball
1-0: Foul Ball, location: 2F
1-1: Foul Ball, location: 2F
1-2: Ball
2-2: Strikes out looking
Bottom of the 6th over - 0 runs, 1 hit, 0 errors, 1 left on base; Lawrence 5 - Miramar 4
TOP OF THE 7TH
Lawrence Patriots batting - Pitching for Miramar Mavericks : LHP Jordan Allen
Now at SS: Eli Hughes
Batting: LHB Christopher Gabbard 0-0: Ground out 4-3 (Groundball, 4M, EV 109.4 MPH)
Batting: LHB Trevon Morgan 0-0: Ball
1-0: Called Strike
1-1: Ball
2-1: Swinging Strike
2-2: Foul Ball, location: 2F
2-2: Foul Ball, location: 2F
2-2: Strikes out swinging
Batting: LHB Phillip Smith 0-0: Foul Ball, location: 2F
0-1: Called Strike
0-2: Strikes out swinging
Top of the 7th over - 0 runs, 0 hits, 0 errors, 0 left on base; Lawrence 5 - Miramar 4
BOTTOM OF THE 7TH
Miramar Mavericks batting - Pitching for Lawrence Patriots : RHP Travis Yancey
Batting: RHB Jayce Papanicolaou 0-0: Foul Ball, location: 2F
0-1: Fly out, F8 (Flyball, 8LD, EV 96.2 MPH)
Batting: SHB Braden Kelley 0-0: Ball
1-0: Swinging Strike
1-1: SINGLE (Line Drive, 9S, EV 106.2 MPH)
Batting: SHB Gavin Campbell 0-0: Called Strike
Braden Kelley steals 2nd base
0-1: SINGLE (Line Drive, 56D, EV 95.0 MPH)
Braden Kelley to third
Batting: RHB Bryson Lappin 0-0: Called Strike
0-1: Ball
1-1: Foul Ball, location: 2F
1-2: Ball
2-2: Foul Ball, location: 2F
2-2: Foul Ball, location: 2F
2-2: Strikes out swinging
Batting: LHB Tommy Tar 0-0: Ball
1-0: Foul Ball, location: 2F
1-1: Ball
2-1: Ground out 4-3 (Groundball, 4, EV 88.1 MPH)
Bottom of the 7th over - 0 runs, 2 hits, 0 errors, 2 left on base; Lawrence 5 - Miramar 4
TOP OF THE 8TH
Lawrence Patriots batting - Pitching for Miramar Mavericks : LHP Jordan Allen
Batting: RHB Obie Simbolon 0-0: Swinging Strike
0-1: Ground out 6-3 (Groundball, 6, EV 103.1 MPH)
Batting: LHB Johnny Nieves 0-0: Called Strike
0-1: Foul Ball, location: 2F
0-2: Fly out, F7 (Flyball, 78S, EV 73.8 MPH)
Batting: LHB Jansen Stites 0-0: Ball
1-0: Foul Ball, location: 2F
1-1: Fly out, F9 (Flyball, 89M, EV 96.9 MPH)
Top of the 8th over - 0 runs, 0 hits, 0 errors, 0 left on base; Lawrence 5 - Miramar 4
BOTTOM OF THE 8TH
Miramar Mavericks batting - Pitching for Lawrence Patriots : RHP Travis Yancey
Batting: RHB Tate Elliott 0-0: Foul Ball, location: 2F
0-1: Ball
1-1: Foul Ball, location: 2F
1-2: Ground out 6-3 (Groundball, 56, EV 83.8 MPH)
Batting: RHB Corey Creager 0-0: Ground out 4-3 (Groundball, 4, EV 88.8 MPH)
Batting: RHB Axel Rasberry 0-0: Ball
1-0: SINGLE (Line Drive, 8LS, EV 105.6 MPH)
Pitching: LHP Kolby Wells
Batting: SHB Eli Hughes 0-0: Ball
1-0: Foul Ball, location: 2F
1-1: Swinging Strike
1-2: Foul Ball, location: 2F
1-2: Ball
2-2: DOUBLE (Line Drive, 7LS, EV 111.9 MPH)
Axel Rasberry to third
Batting: RHB Jayce Papanicolaou 0-0: Ball
1-0: Foul Ball, location: 2F
1-1: Ball
2-1: Ball
3-1: Foul Ball, location: 2F
3-2: Ground out 5-3 (Groundball, 56, EV 92.5 MPH)
Bottom of the 8th over - 0 runs, 2 hits, 0 errors, 2 left on base; Lawrence 5 - Miramar 4
TOP OF THE 9TH
Lawrence Patriots batting - Pitching for Miramar Mavericks : LHP Jordan Allen
Batting: RHB Lloyd Fair 0-0: Fly out, F9 (Flyball, 9D, EV 95.0 MPH)
Batting: SHB Evan Telano 0-0: Ball
1-0: Ground out 4-3 (Groundball, 4, EV 79.4 MPH)
Batting: LHB Mort Simbolon 0-0: Ball
1-0: SINGLE (Groundball, 34D, EV 107.5 MPH)
Batting: LHB Christopher Gabbard 0-0: SINGLE (Groundball, 34D, EV 94.4 MPH)
Mort Simbolon to second
Runner from 2nd tries for 3rd, SAFE, throw by RF made to third
Batting: LHB Trevon Morgan 0-0: Ball
1-0: Foul Ball, location: 2F
1-1: Called Strike
1-2: Strikes out swinging
Top of the 9th over - 0 runs, 2 hits, 0 errors, 2 left on base; Lawrence 5 - Miramar 4
BOTTOM OF THE 9TH
Miramar Mavericks batting - Pitching for Lawrence Patriots : LHP Kolby Wells
Pitching: LHP Cody Hoagland
Batting: SHB Braden Kelley 0-0: Called Strike
0-1: Ball
1-1: Fly out, F8 (Flyball, 8LD, EV 98.8 MPH)
Batting: SHB Gavin Campbell 0-0: Ball
1-0: Foul Ball, location: 2F
1-1: Ball
2-1: Foul Ball, location: 2F
2-2: Ball
3-2: Strikes out swinging
Batting: RHB Bryson Lappin 0-0: Called Strike
0-1: Called Strike
0-2: Ball
1-2: Strikes out swinging
Bottom of the 9th over - 0 runs, 0 hits, 0 errors, 0 left on base; Lawrence 5 - Miramar 4
Monday, May 13th , 2024 - OOTP Baseball 23.10 Build 110